Construct Section Command Post
Selects Canadian Shock Battlegroup
Construct Platoon Command Post
Construct Field Infirmary
Unlock M3 Stuart Light Tanks
6-pounder Anti-tank Gun Team
Selects Offensive Resupply
Selects Canadian Shock Section
Construct Company Command Post
Selects Churchill Crocodile Heavy Tank
Churchill Crocodile Heavy Tank
Unlock Towed 17-pounder Anti-tank Guns
17-pounder Anti-tank Gun Team